 Dungeon Crawl Stone Soup version 0.29-a0-1018-g6b6670bd90 (webtiles) character file.

Game seed: 8487550379166153852

349 arseassassin2 the Trooper (level 6, -11/49 HPs)
             Began as a Barachi Warper on Aug 10, 2022.
             Was a Follower of Uskayaw.
             Mangled by a two-headed ogre
             ... wielding a +0 giant club
              (23 damage)
             ... on level 5 of the Dungeon.
             The game lasted 00:11:19 (5529 turns).

arseassassin2 the Trooper (Barachi Warper)          Turns: 5529, Time: 00:11:20

Health: -11/49     AC:  5    Str: 18    XL:     6   Next: 60%
Magic:  9/9        EV: 12    Int: 13    God:    Uskayaw [*.....]
Gold:   175        SH:  5    Dex: 14    Spells: 3/9 levels left

rFire   . . .      SeeInvis .   b - +2 club (spect)
rCold   + . .      Faith    .   (no shield)
rNeg    . . .      Spirit   .   E - +0 leather armour {rC+}
rPois   .          Reflect  +   x - +0 helmet
rElec   .          Harm     .   (no cloak)
rCorr   .          Rampage  .   (no gloves)
Will    .....                   A - +0 pair of boots
Stlth   +.........              f - amulet of reflection
HPRegen 0.16/turn               m - +6 ring of strength
MPRegen 0.11/turn               y - ring of wizardry

@: slow
A: amphibious, slowness 1, strong legs 1, +LOS
a: Hop, Renounce Religion, Stomp


You were on level 5 of the Dungeon.
You worshipped Uskayaw.
Uskayaw was noncommittal.
You visited 1 branch of the dungeon, and saw 5 of its levels.

You collected 175 gold pieces.

Inventory:

Hand Weapons
 a - a +0 sling
   (You found it on level 1 of the Dungeon)
 b - a +2 spectral club (weapon)
   (You took it off Ijyb on level 4 of the Dungeon)
 n - a +0 short sword
 v - a +2 dagger of venom
   (You took it off a goblin on level 2 of the Dungeon)
Missiles
 d - 7 boomerangs of dispersal (quivered) {!f}
Armour
 x - a +0 helmet (worn)
   (You found it on level 2 of the Dungeon)
 A - a +0 pair of boots (worn)
   (You found it on level 3 of the Dungeon)
 D - a +0 leather armour
 E - a +0 leather armour of cold resistance (worn)
   (You took it off Ijyb on level 4 of the Dungeon)
Jewellery
 f - an amulet of reflection (around neck)
   (You found it on level 2 of the Dungeon)
 m - a +6 ring of strength (left hand)
   (You found it on level 1 of the Dungeon)
 y - a ring of wizardry (right hand)
   (You found it on level 3 of the Dungeon)
Scrolls
 c - a scroll of blinking
 e - 2 scrolls of acquirement {unknown}
 g - a scroll of amnesia {unknown}
 k - a scroll of immolation {unknown}
 o - a scroll of vulnerability {unknown}
 q - a scroll of butterflies {unknown}
 r - 4 scrolls of identify {unknown}
 u - 2 scrolls of teleportation {unknown}
 w - a scroll of poison {unknown}
 B - a scroll of noise {unknown}
 C - a scroll of enchant armour {unknown}
 F - a scroll of magic mapping {unknown}
Potions
 h - 2 potions of curing {@q1}
 i - 2 potions of degeneration {unknown}
 j - a potion of flight {unknown}
 l - a potion of haste {unknown}
 p - a potion of cancellation {unknown}
 s - a potion of lignification {unknown}
 t - 2 potions of heal wounds {unknown}
 z - a potion of brilliance {unknown}


   Skills:
 - Level 4.4 Fighting
 - Level 2.1 Short Blades
 + Level 4.1 Ranged Weapons
 - Level 1.0 Throwing
 - Level 1.2 Armour
 - Level 2.1 Dodging
 - Level 2.1 Spellcasting
 - Level 3.2 Translocations
 + Level 3.1 Invocations


You had 3 spell levels left.
You knew the following spells:

 Your Spells              Type           Power      Damage    Failure   Level
a - Blink                 Tloc           18%        N/A       4%          2
b - Teleport Other        Tloc           9%         N/A       9%          3
c - Slow                  Hex            4%         N/A       12%         1

Your spell library contained the following spells:

 Spells                   Type           Power      Damage    Failure   Level
 Gell's Gravitas          Tloc           9%         N/A       9%          3
 Lesser Beckoning         Tloc           9%         N/A       9%          3
 Confusing Touch          Hex            1%         N/A       32%         3
 Tukima's Dance           Hex            1%         N/A       32%         3
 Vampiric Draining        Necr           1%         2d6       32%         3
 Passage of Golubria      Tloc           9%         N/A       28%         4
 Manifold Assault         Tloc           9%         N/A       61%         5
 Yara's Violent Unravell  Hex/Tmut       0%         3d3       96%         5


Dungeon Overview and Level Annotations

Branches:
Dungeon (5/15)
 Temple: D:4-7

Altars:
Cheibriados
Dithmenos
Uskayaw

Annotations:
D:3 2 runed translucent doors, Smoky173's ghost, amateur HOMo


Innate Abilities, Weirdness & Mutations

You are amphibious.
You cover ground slowly.
You can hop short distances.
You have an extended range of vision and can be seen from far away.


Message History

You are ready to hop once more.
There is an open door here.
There is an open door here.
There is a stone staircase leading down here.
You start resting.
HP restored.
You climb downwards.
There is a stone staircase leading up here.
a - a +0 sling (weapon)
Adjust (i)tems, (s)pells, or (a)bilities?
b - a +2 spectral club Adjust to which letter? (? for menu, Esc to quit)
a - a +2 spectral club;
b - a +0 sling (weapon)
You climb upwards.
There is a stone staircase leading down here.
You see here 4 poisoned darts.
There is a stone staircase leading down here.
You climb downwards.
There is a stone staircase leading up here.
As you open the door, it creaks loudly!
A two-headed ogre comes into view. It is wielding two +0 giant clubs.
The two-headed ogre shouts in stereo!
Found 8 gold pieces.
A two-headed ogre is nearby!
You shoot a sling bullet.
The sling bullet hits the two-headed ogre.
You shoot a sling bullet.
The sling bullet hits the two-headed ogre.
You shoot a sling bullet.
The sling bullet hits the two-headed ogre but does no damage.
You feel a bond with your +2 spectral club.
a - a +2 spectral club (weapon)
Adjust (i)tems, (s)pells, or (a)bilities?
b - a +0 sling Adjust to which letter? (? for menu, Esc to quit)
a - a +0 sling;
b - a +2 spectral club (weapon)
You barely miss the two-headed ogre.
Your +2 spectral club hits the two-headed ogre.
The two-headed ogre hits you with a +0 giant club.
The two-headed ogre barely misses you.
You hit the two-headed ogre but do no damage.
Your +2 spectral club closely misses the two-headed ogre.
The two-headed ogre barely misses you.
The two-headed ogre hits you with a +0 giant club!
You hit the two-headed ogre but do no damage.
Your +2 spectral club hits the two-headed ogre.
The two-headed ogre hits you with a +0 giant club!!
* * * LOW HITPOINT WARNING * * *
The two-headed ogre hits you with a +0 giant club!!
You die...

#.........
#$.......
#.......
#......
..... ...
#'#
#O###.#
#@(...#
#.#####
#.# #.#
#.####
#...<#
######


You could see a two-headed ogre and a friendly +2 spectral club (summoned).

Vanquished Creatures
  Sigmund (D:4)
  A hound (D:5)
  Ijyb (D:4)
  4 adders
  An ufetubus (D:4)
  A worm (D:3)
  2 dart slugs (D:4)
  3 orcs
  5 ball pythons
  7 endoplasms
  5 giant cockroaches
  4 goblins
  4 hobgoblins
  10 jackals (D:2)
  9 kobolds
  3 quokkas
  4 bats
  5 frilled lizards
  6 rats
76 creatures vanquished.

Vanquished Creatures (others)
  A plant (D:1)
1 creature vanquished.

Grand Total: 77 creatures vanquished

Notes
Turn   | Place    | Note
-------+----------+-------------------------------------------
     0 | D:1      | arseassassin2 the Barachi Warper began the quest for the
                  | Orb.
     0 | D:1      | Reached XP level 1. HP: 17/17 MP: 3/3
   772 | D:1      | Reached XP level 2. HP: 18/24 MP: 5/5
  1115 | D:1      | Found a faded altar of an unknown god.
  1900 | D:2      | Reached XP level 3. HP: 25/30 MP: 6/6
  2063 | D:2      | Learned a level 2 spell: Blink
  2067 | D:2      | Learned a level 3 spell: Teleport Other
  2120 | D:2      | Reached skill level 1 in Ranged Weapons
  2974 | D:3      | Reached XP level 4. HP: 38/38 MP: 7/7
  2996 | D:3      | Found a shadowy altar of Dithmenos.
  3018 | D:3      | Learned a level 1 spell: Slow
  3163 | D:3      | Found a runed translucent door.
  3166 | D:3      | Noticed Smoky173's ghost (amateur HOMo)
  3212 | D:3      | Found a runed translucent door.
  3379 | D:3      | Found a hide-covered altar of Uskayaw.
  3380 | D:3      | Noticed a +0 hand axe
  3380 | D:3      | Noticed a +0 dagger
  3398 | D:3      | Became a worshipper of Uskayaw the Reveller
  3407 | D:3      | Found a snail-covered altar of Cheibriados.
  3415 | D:3      | Reached * piety under Uskayaw
  3734 | D:4      | Noticed Sigmund
  3884 | D:4      | Noticed Ijyb
  4169 | D:4      | Reached ** piety under Uskayaw
  4298 | D:4      | Reached skill level 1 in Invocations
  4935 | D:4      | Killed Ijyb
  4936 | D:4      | Reached XP level 5. HP: 15/43 MP: 8/8
  5178 | D:5      | Entered Level 5 of the Dungeon
  5362 | D:4      | Killed Sigmund
  5363 | D:4      | Reached XP level 6. HP: 26/49 MP: 9/9
  5521 | D:5      | Noticed a two-headed ogre
  5529 | D:5      | Mangled by a two-headed ogre

Illustrated notes

Levels and vault maps discovered:
D:1:      grunt_arrival_crossed_arrows, layout_basic, serial_forest,
          infiniplex_forest_lined_ring, infiniplex_forest_straight_5,
          infiniplex_forest_clump_C, infiniplex_forest_lined_2,
          infiniplex_forest_straight_3, infiniplex_forest_corner_1,
          infiniplex_forest_clump_long, infiniplex_forest_clump_small,
          infiniplex_forest_lined_room_2, infiniplex_forest_split,
          hellmonk_ecumenical_altar_heavens_door, grunt_decor_arrowhead,
          kennysheep_crisscross
D:2:      layout_basic, serial_park_tiny_2, minmay_misc_feat_square
D:3:      layout_basic, slow_altar_1, overflow_temple_1_default,
          dancing_weapons_uskayaw, ebering_ghost_sewer_f
D:4:      minmay_chambers_of_twos, layout_gridville, uniq_ijyb, uniq_eustachio,
          uniq_sigmund
D:5:      layout_basic, nzn_overflow_gifts_of_might_and_magic,
          lemuel_crystal_altar

Skill      XL: |  1  2  3  4  5 |
---------------+----------------+-----
Fighting       | 3 4 |  4.4
Ranged Weapons | 1 2 4 |  4.1
Invocations    | 1 3 |  3.1
Short Blades   | |  2.1
Throwing       | |  1.0
Armour         | |  1.2
Dodging        | |  2.1
Spellcasting   | |  2.1
Translocations | |  3.2

Action                   |  1- 3 |  4- 6 || total
-------------------------+-------+-------++-------
Melee: Short sword       |    68 |       ||    68
       Unarmed           |       |    30 ||    30
       Dagger            |       |    12 ||    12
       Club              |       |    14 ||    14
 Fire: Sling             |   107 |   151 ||   258
 Cast: Blink             |     1 |       ||     1
       Teleport Other    |       |     1 ||     1
 Abil: Hop               |     5 |     8 ||    13
  Use: Potion            |       |     1 ||     1
Armor: Leather armour    |    39 |    21 ||    60
Dodge: Dodged            |    89 |    60 ||   149
Block: Other             |       |    27 ||    27

Table legend: (Time is in decaauts)
 A = Elapsed time spent in this place.
 B = Non-inter-level travel time spent in this place.
 C = Inter-level travel time spent in this place.
 D = Time resting spent in this place.
 E = Time spent auto-exploring this place.
 F = Levels seen in this place.
 G = Mean time per level.
                   A        B        C        D        E       F      G
               +--------+--------+--------+--------+--------+-----+--------+
         Total |   6157 |   5915 |    242 |   2088 |   2767 |   5 | 1231.4 |
       Dungeon |   6157 |   5915 |    242 |   2088 |   2767 |   5 | 1231.4 |
               +--------+--------+--------+--------+--------+-----+--------+

Top non-repeatable levels by time:
     D:1: 1913 daAuts
     D:4: 1387 daAuts
     D:2: 1350 daAuts
     D:3: 1284 daAuts
     D:5: 221 daAuts
